 Dungeon Crawl Stone Soup version 0.30.1-11-g7821555f0a (webtiles) character file.

Game seed: 3613428177477621587

184 bnorton916 the Magician (level 5, -7/28 HPs)
             Began as a Deep Elf Fire Elementalist on Dec 3, 2023.
             Mangled by an ogre
             ... wielding a +0 giant club
              (35 damage)
             ... on level 4 of the Dungeon.
             The game lasted 00:03:30 (3438 turns).

bnorton916 the Magician (DEFE)                      Turns: 3438, Time: 00:03:30

Health: -7/28      AC:  3    Str:  5    XL:     5   Next: 36%
Magic:  10/14      EV: 12    Int: 22    God:
Gold:   246        SH:  5    Dex: 15    Spells: 11/14 levels left

rFire   . . .        (no weapon)
rCold   . . .        (no shield)
rNeg    . . .        a - +0 robe
rPois   .            (no helmet)
rElec   .            x - +0 cloak
rCorr   .            (no gloves)
SInv    .            (no boots)
Will    .....        m - amulet of reflection
Stlth   ++           (no ring)
HPRegen 0.24/turn    (no ring)
MPRegen 0.14/turn

%: reflection
@: no status effects
A: no striking features
a: no special abilities


You were on level 4 of the Dungeon.
You visited 1 branch of the dungeon, and saw 4 of its levels.

You collected 246 gold pieces.

Inventory:

Hand Weapons
 s - a +0 dagger of venom
Missiles
 d - 7 poisoned darts
 q - 5 boomerangs
 t - 2 throwing nets
Armour
 a - a +0 robe (worn)
 e - a +0 buckler
 x - a +0 cloak (worn)
Jewellery
 m - an amulet of reflection (around neck)
 v - a ring of ice
Wands
 y - a wand of flame (10)
Scrolls
 c - 5 scrolls of identify {unknown}
 g - 2 scrolls of enchant weapon {unknown}
 h - 2 scrolls of amnesia {unknown}
 n - a scroll of brand weapon {unknown}
 p - a scroll of vulnerability {unknown}
Potions
 b - a potion of magic
 f - 2 potions of flight {unknown}
 i - a potion of resistance {unknown}
 j - a potion of lignification {unknown}
 k - 3 potions of mutation {unknown}
 l - a potion of invisibility {unknown}
 o - 2 potions of heal wounds {unknown}
 r - a potion of curing {unknown}
 u - a potion of brilliance {unknown}
 w - a potion of cancellation {unknown}
 z - a potion of berserk rage {unknown}


   Skills:
 - Level 2.4 Dodging
 - Level 2.4 Stealth
 + Level 5.0 Spellcasting
 + Level 3.4 Conjurations
 + Level 4.7 Fire Magic


You had 11 spell levels left.
You knew the following spells:

 Your Spells              Type           Power      Damage    Failure   Level
a - Foxfire               Conj/Fire      92%        2x1d8     1%          1
b - Scorch                Fire           52%        2d7       2%          2

Your spell library contained the following spells:

 Spells                   Type           Power      Damage    Failure   Level
 Momentum Strike          Conj/Tloc      26%        3d8       8%          2
 Beastly Appendage        Tmut           10%        N/A       10%         1
 Inner Flame              Hex/Fire       15%        N/A       12%         3
 Volatile Blastmotes      Fire/Tloc      30%        2d12      12%         3
 Blink                    Tloc           10%        N/A       16%         2
 Lesser Beckoning         Tloc           10%        N/A       16%         2
 Wereblood                Tmut           5%         N/A       16%         2
 Flame Wave               Conj/Fire      23%        2d8       19%         4
 Spider Form              Tmut/Pois      5%         N/A       30%         3


Dungeon Overview and Level Annotations

Branches:
Dungeon (4/15)
 Temple: D:4-7

Altars:
Uskayaw


Message History

You conjure some foxfire!
Your foxfire dissipates!
The foxfire hits the quokka.
You kill the quokka!
Casting: Foxfire (safe; 1% risk of failure)
Confirm with . or Enter, or press ? or * to list all spells.
You conjure some foxfire!
Casting: Foxfire (safe; 1% risk of failure)
Confirm with . or Enter, or press ? or * to list all spells.
You conjure some foxfire!
Your foxfire dissipates!
There is an escape hatch in the floor here.
You now have 236 gold pieces (gained 16).
You now have 246 gold pieces (gained 10).
An orc priest and an ogre come into view.
The ogre shouts!
You hear a shout!
The orc priest shouts!
There are monsters nearby! 2 orcs come into view.
Found a scroll labelled DYSTRE ISHO and 7 gold pieces.
Found a hide-covered altar of Uskayaw.
The orc shouts!
An orc comes into view. It is wielding a +0 short sword.
There is a stone staircase leading up here.
Casting: Foxfire (safe; 1% risk of failure)
Confirm with . or Enter, or press ? or * to list all spells.
You conjure some foxfire!
Casting: Foxfire (safe; 1% risk of failure)
Confirm with . or Enter, or press ? or * to list all spells.
You conjure some foxfire!
Your foxfire dissipates! x2
The foxfire hits the ogre.
The ogre is lightly wounded.
The foxfire hits the ogre.
The ogre is moderately wounded.
Casting: Foxfire (safe; 1% risk of failure)
Confirm with . or Enter, or press ? or * to list all spells.
Flames lash the orc but do no damage.
The ogre hits you with a +0 giant club!!
Ouch! That really hurt!
You die...

....# #....# #######
....####....######.....#######
.......).....................#
....####.<..######...........#
....# #....# #..###......#
....# #....# #.####......#
....# ##.#.######.##........# #
#.### #.#.#..>§..##.O......###.
#.# ##.#.#...@Oo#..#...O..#...
#.####
#§.#....§§.....#.....o#...
.....#
#....#.........#######....
....>###....#.........#
#?....#..
............#.........#...#...o
. ........................
#.....
......................###
#...... ##....................#
###.#.. # #.##.................
..###


You could see an ogre and an orc.

Vanquished Creatures
  A phantom (D:2)
  Jessica (D:2)
  2 adders
  2 worms
  2 dart slugs
  3 orcs
  2 ball pythons
  4 bats
  10 endoplasms
  4 giant cockroaches
  5 goblins
  2 hobgoblins
  6 quokkas
  A frilled lizard (D:1)
  2 kobolds
  3 rats
50 creatures vanquished.

Vanquished Creatures (others)
  283 foxfires
283 creatures vanquished.

Grand Total: 333 creatures vanquished

Notes
Turn   | Place    | Note
-------+----------+-------------------------------------------
     0 | D:1      | bnorton916 the Deep Elf Fire Elementalist began the quest
                  | for the Orb.
     0 | D:1      | Reached XP level 1. HP: 10/10 MP: 6/6
   273 | D:1      | Reached XP level 2. HP: 15/15 MP: 5/8
   309 | D:1      | Learned a level 2 spell: Scorch
  1240 | D:2      | Reached XP level 3. HP: 19/19 MP: 3/10
  1448 | D:2      | Noticed a phantom
  1841 | D:2      | Noticed Jessica
  1851 | D:2      | Killed Jessica
  1852 | D:2      | Reached skill level 4 in Spellcasting
  2137 | D:2      | Killed a phantom
  2138 | D:2      | Reached XP level 4. HP: 24/24 MP: 4/12
  2452 | D:3      | Reached XP level 5. HP: 28/28 MP: 10/14
  3293 | D:4      | Reached skill level 5 in Spellcasting
  3419 | D:4      | Noticed an ogre
  3420 | D:4      | Found a hide-covered altar of Uskayaw.
  3438 | D:4      | Mangled by an ogre

Illustrated notes

Levels and vault maps discovered:
D:1:      erik_arrival_orb_chamber, layout_rooms, minmay_misc_feat_alley
D:2:      layout_basic, uniq_jessica
D:3:      layout_basic
D:4:      layout_rooms, kennysheep_mini, mainiacjoe_overflow_alcove_1

Skill      XL: |  1  2  3  4  5 |
---------------+----------------+-----
Conjurations   | 2 3 |  3.4
Spellcasting   | 4 5 |  5.0
Fire Magic     | 4 |  4.7
Dodging        | |  2.4
Stealth        | |  2.4

Action                     |  1- 3 |  4- 6 || total
---------------------------+-------+-------++-------
   Cast: Foxfire           |    90 |    75 ||   165
         Scorch            |     3 |     2 ||     5
 Armour: Robe              |     5 |       ||     5
  Dodge: Dodged            |     9 |     1 ||    10
  Block: Other             |     1 |       ||     1
